TOP OF THE 1ST |
Kingsport Mets batting - Pitching for San Francisco (APP) Giants : RHP Tim Roof
|
Pitching: RHP Tim Roof
|
|
Batting: SHB Tyler Maddux
|
0-0: Ball 1-0: Ball 2-0: Ball 3-0: Base on Balls
|
Batting: LHB Jeremy Moorehead
|
0-0: Called Strike Tyler Maddux steals 2nd base 0-1: Ball 1-1: Foul Ball, location: 2F 1-2: Fly out, F6 (Line Drive, 56D, EV 63.1 MPH)
|
Batting: LHB Miguel Ramos
|
0-0: Called Strike 0-1: Swinging Strike 0-2: Ball 1-2: Ground out 4-3 (Groundball, 4M, EV 85.0 MPH) Tyler Maddux to third
|
Batting: RHB Coltin Nellis
|
0-0: Called Strike 0-1: DOUBLE (Line Drive, 78XD, EV 101.9 MPH) Tyler Maddux scores
|
Batting: SHB Nick Daigle
|
0-0: Foul Ball, location: 2F 0-1: Ball 1-1: Ground out 6-3 (Groundball, 6, EV 84.4 MPH)
|
Top of the 1st over - 1 run, 1 hit, 0 errors, 1 left on base; Kingsport 1 - San Francisco (APP) 0 |
BOTTOM OF THE 1ST |
San Francisco (APP) Giants batting - Pitching for Kingsport Mets : RHP Sandro Fibonacci
|
Pitching: RHP Sandro Fibonacci
|
|
Batting: RHB Frank Pena
|
0-0: Ball 1-0: DOUBLE (Line Drive, 3D, EV 105.6 MPH)
|
Batting: RHB Coen Dirks
|
0-0: Swinging Strike 0-1: Foul Ball, location: 2F 0-2: Foul Ball, location: 2F 0-2: Ground out 3-1 (Groundball, 34, EV 100.6 MPH) Frank Pena to third
|
Batting: RHB Edwin Verdugo
|
0-0: Foul Ball, location: 2F 0-1: Ball 1-1: Ball 2-1: SINGLE (Groundball, 25, EV 68.8 MPH) (infield hit)
|
Batting: RHB Troy Trice
|
0-0: Ball 1-0: Called Strike 1-1: Ball 2-1: DOUBLE (Line Drive, 9LD, EV 103.8 MPH) Frank Pena scores Edwin Verdugo to third
|
Batting: RHB Brian Rogers
|
0-0: Swinging Strike Passed Ball! Edwin Verdugo scores Troy Trice to third 0-1: Ball 1-1: Swinging Strike 1-2: Ball 2-2: SINGLE (Line Drive, 8RS, EV 86.9 MPH) Troy Trice scores
|
Batting: RHB Jason Gregor
|
0-0: Ball 1-0: Ball 2-0: Called Strike 2-1: Fly out, F7 (Flyball, 7, EV 88.8 MPH)
|
Batting: RHB Matt Shepard
|
0-0: Ball Wild Pitch! Brian Rogers to second 1-0: Swinging Strike 1-1: Foul Ball, location: 2F 1-2: Ball 2-2: Strikes out looking
|
Bottom of the 1st over - 3 runs, 4 hits, 0 errors, 1 left on base; Kingsport 1 - San Francisco (APP) 3 |
TOP OF THE 2ND |
Kingsport Mets batting - Pitching for San Francisco (APP) Giants : RHP Tim Roof
|
Batting: LHB Matt Baker
|
0-0: Called Strike 0-1: Ball 1-1: Foul Ball, location: 2F 1-2: Foul Ball, location: 2F 1-2: Ball 2-2: Ball 3-2: Base on Balls
|
Batting: RHB Chris Graham
|
0-0: Ball Wild Pitch! Matt Baker to second 1-0: DOUBLE (Groundball, 5L, EV 101.9 MPH) Matt Baker scores
|
Batting: RHB Roberto Delgado
|
0-0: SINGLE (Groundball, 56S, EV 67.5 MPH) (infield hit) Chris Graham to third
|
Batting: RHB Danny Runberg
|
0-0: Ball 1-0: SINGLE (Groundball, 6MD, EV 97.5 MPH) Chris Graham scores Roberto Delgado to second
|
Batting: SHB Tyler Maddux
|
0-0: Fly out, F7 (Flyball, 78D, EV 88.8 MPH)
|
Batting: LHB Jeremy Moorehead
|
0-0: Ball 1-0: Called Strike 1-1: Called Strike 1-2: Ball 2-2: Ball 3-2: Foul Ball, location: 2F 3-2: DOUBLE (Line Drive, 7LM, EV 105.6 MPH) Roberto Delgado scores Danny Runberg to third
|
Batting: LHB Miguel Ramos
|
0-0: Ball 1-0: Called Strike 1-1: Ball 2-1: Swinging Strike 2-2: Ball 3-2: Base on Balls
|
Batting: RHB Coltin Nellis
|
0-0: Ball 1-0: Ball 2-0: Called Strike 2-1: Ball 3-1: Base on Balls Danny Runberg scores Jeremy Moorehead to third Miguel Ramos to second
|
Pitching: RHP Mike Flynn
|
|
Batting: SHB Nick Daigle
|
0-0: Ball 1-0: Foul Ball, location: 2F 1-1: Ball 2-1: Foul Ball, location: 2F 2-2: Strikes out looking
|
Batting: LHB Matt Baker
|
0-0: Called Strike 0-1: Ball 1-1: Foul Ball, location: 2F 1-2: Fielders Choice at 2nd, 6-4 (Groundball, 6, EV 88.1 MPH)
|
Top of the 2nd over - 4 runs, 4 hits, 0 errors, 3 left on base; Kingsport 5 - San Francisco (APP) 3 |
BOTTOM OF THE 2ND |
San Francisco (APP) Giants batting - Pitching for Kingsport Mets : RHP Sandro Fibonacci
|
Batting: RHB Teruhide Horiuchi
|
0-0: Ball 1-0: Ground out 6-3 (Groundball, 6, EV 76.2 MPH)
|
Batting: RHB Bob Schweiger
|
0-0: Swinging Strike 0-1: Foul Ball, location: 2F 0-2: Ball 1-2: Ball 2-2: Foul Ball, location: 2F 2-2: Strikes out swinging
|
Batting: RHB Frank Pena
|
0-0: Called Strike 0-1: Foul Ball, location: 2F 0-2: Ball 1-2: Foul Ball, location: 2F 1-2: Ball 2-2: Fly out, F8 (Flyball, 8RD, EV 98.1 MPH)
|
Bottom of the 2nd over - 0 runs, 0 hits, 0 errors, 0 left on base; Kingsport 5 - San Francisco (APP) 3 |
TOP OF THE 3RD |
Kingsport Mets batting - Pitching for San Francisco (APP) Giants : RHP Mike Flynn
|
Batting: RHB Chris Graham
|
0-0: Ball 1-0: Foul Ball, location: 2F 1-1: Ball 2-1: Ball 3-1: Swinging Strike 3-2: Ground out 5-3 (Groundball, 5, EV 104.4 MPH)
|
Batting: RHB Roberto Delgado
|
0-0: Called Strike 0-1: Ball 1-1: Ball 2-1: Ball 3-1: Foul Ball, location: 2F 3-2: Base on Balls
|
Batting: RHB Danny Runberg
|
0-0: Hit by Pitch Roberto Delgado to second
|
Batting: SHB Tyler Maddux
|
0-0: Ball 1-0: Swinging Strike 1-1: Fielders Choice at 2nd, 4-6 (Groundball, 34, EV 84.4 MPH) Roberto Delgado to third
|
Batting: LHB Jeremy Moorehead
|
0-0: Ball 1-0: Ball Tyler Maddux steals 2nd, throwing error, E2 Roberto Delgado scores Tyler Maddux to third 2-0: Foul Ball, location: 2F 2-1: Called Strike 2-2: Strikes out swinging
|
Top of the 3rd over - 1 run, 0 hits, 1 error, 1 left on base; Kingsport 6 - San Francisco (APP) 3 |
BOTTOM OF THE 3RD |
San Francisco (APP) Giants batting - Pitching for Kingsport Mets : RHP Sandro Fibonacci
|
Batting: RHB Coen Dirks
|
0-0: Called Strike 0-1: Foul Ball, location: 2F 0-2: Ball 1-2: Foul Ball, location: 2F 1-2: Fly out, F7 (Flyball, 7, EV 91.9 MPH)
|
Batting: RHB Edwin Verdugo
|
0-0: Ball 1-0: Foul Ball, location: 2F 1-1: Foul Ball, location: 2F 1-2: Foul Ball, location: 2F 1-2: SOLO HOME RUN (Flyball, 7LD, EV 94.4 MPH), Distance : 361 ft
|
Batting: RHB Troy Trice
|
0-0: Ball 1-0: Ball 2-0: Called Strike 2-1: Ball 3-1: Base on Balls
|
Batting: RHB Brian Rogers
|
0-0: Called Strike 0-1: Ball Passed Ball! Troy Trice to second 1-1: Ball 2-1: Called Strike 2-2: Foul Ball, location: 2F 2-2: SINGLE (Line Drive, 78S, EV 103.1 MPH) Troy Trice to third
|
Batting: RHB Jason Gregor
|
0-0: Ball 1-0: Called Strike 1-1: Fly out, F8 (Flyball, 8RD, EV 93.1 MPH) Runner from 3rd tags up, OUT at HOME! 8-2
|
Bottom of the 3rd over - 1 run, 2 hits, 0 errors, 1 left on base; Kingsport 6 - San Francisco (APP) 4 |
TOP OF THE 4TH |
Kingsport Mets batting - Pitching for San Francisco (APP) Giants : RHP Mike Flynn
|
Batting: LHB Miguel Ramos
|
0-0: Ball 1-0: Ball 2-0: Ball 3-0: Called Strike 3-1: Called Strike 3-2: Base on Balls
|
Batting: RHB Coltin Nellis
|
0-0: Foul Ball, location: 2F 0-1: Grounds into double play, 5-4-3 (Groundball, 56S, EV 93.1 MPH)
|
Pitching: LHP Jimmy Heinecke
|
|
Batting: SHB Nick Daigle
|
0-0: Ball 1-0: Swinging Strike 1-1: Ground out 4-3 (Groundball, 4, EV 95.6 MPH)
|
Top of the 4th over - 0 runs, 0 hits, 0 errors, 0 left on base; Kingsport 6 - San Francisco (APP) 4 |
BOTTOM OF THE 4TH |
San Francisco (APP) Giants batting - Pitching for Kingsport Mets : RHP Sandro Fibonacci
|
Batting: RHB Matt Shepard
|
0-0: Ball 1-0: Foul Ball, location: 2F 1-1: Foul Ball, location: 2F 1-2: Ball 2-2: Foul Ball, location: 2F 2-2: SINGLE (Groundball, 56D, EV 98.8 MPH)
|
Batting: RHB Teruhide Horiuchi
|
0-0: Called Strike Matt Shepard steals 2nd base 0-1: Foul Ball, location: 2F 0-2: Ball 1-2: Foul Ball, location: 2F 1-2: Ball 2-2: Ground out 5-3 (Groundball, 5, EV 102.5 MPH)
|
Batting: RHB Bob Schweiger
|
0-0: Ball Matt Shepard steals 3rd base 1-0: Ball Wild Pitch! Matt Shepard scores 2-0: SINGLE (Line Drive, 4M, EV 109.4 MPH)
|
Pitching: RHP Antonio Reyes
|
|
Batting: RHB Frank Pena
|
0-0: Grounds into double play, 5-4-3 (Groundball, 56, EV 86.9 MPH)
|
Bottom of the 4th over - 1 run, 2 hits, 0 errors, 0 left on base; Kingsport 6 - San Francisco (APP) 5 |
TOP OF THE 5TH |
Kingsport Mets batting - Pitching for San Francisco (APP) Giants : LHP Jimmy Heinecke
|
Batting: LHB Matt Baker
|
0-0: Foul Ball, location: 2F 0-1: Called Strike 0-2: Ball 1-2: Ball 2-2: Foul Ball, location: 2F 2-2: Strikes out swinging
|
Batting: RHB Chris Graham
|
0-0: Called Strike 0-1: Called Strike 0-2: Ball 1-2: Ball 2-2: Ball 3-2: Foul Ball, location: 2F 3-2: Base on Balls
|
Batting: RHB Roberto Delgado
|
0-0: Called Strike 0-1: Swinging Strike 0-2: Strikes out looking
|
Batting: RHB Danny Runberg
|
0-0: Called Strike 0-1: Ball 1-1: Ball 2-1: Ball 3-1: Base on Balls Chris Graham to second
|
Batting: SHB Tyler Maddux
|
0-0: Foul Ball, location: 2F 0-1: Ball 1-1: SINGLE (Groundball, 56D, EV 100.0 MPH) Chris Graham to third Danny Runberg to second Runner from 3rd tries for Home, SAFE, throw by LF to home
|
Batting: LHB Jeremy Moorehead
|
0-0: Called Strike 0-1: SINGLE (Groundball, 5D, EV 96.9 MPH) Danny Runberg to third Tyler Maddux to second Runner from 3rd tries for Home, SAFE, throw by LF to home
|
Batting: LHB Miguel Ramos
|
0-0: Foul Ball, location: 2F 0-1: Fly out, F8 (Flyball, 8LM, EV 97.5 MPH)
|
Top of the 5th over - 2 runs, 2 hits, 0 errors, 2 left on base; Kingsport 8 - San Francisco (APP) 5 |
BOTTOM OF THE 5TH |
San Francisco (APP) Giants batting - Pitching for Kingsport Mets : RHP Antonio Reyes
|
Batting: RHB Coen Dirks
|
0-0: Ball 1-0: Ground out 5-3 (Groundball, 56S, EV 71.2 MPH)
|
Batting: RHB Edwin Verdugo
|
0-0: Ball 1-0: Ball 2-0: Ball 3-0: Base on Balls
|
Batting: RHB Troy Trice
|
0-0: Ball Passed Ball! Edwin Verdugo to second 1-0: Ball 2-0: Ball Passed Ball! Edwin Verdugo to third 3-0: Base on Balls
|
Batting: RHB Brian Rogers
|
0-0: Ball Passed Ball! Edwin Verdugo scores Troy Trice to second 1-0: Foul Ball, location: 2F 1-1: Foul Ball, location: 2F 1-2: Foul Ball, location: 2F 1-2: Ball 2-2: SINGLE (Flyball, 6D, EV 90.0 MPH) Troy Trice to third
|
Batting: RHB Jason Gregor
|
0-0: Foul Ball, location: 2F 0-1: Swinging Strike 0-2: Ball 1-2: Ball Passed Ball! Troy Trice scores Brian Rogers to second 2-2: Ball 3-2: Base on Balls
|
Batting: RHB Matt Shepard
|
0-0: Ball Wild Pitch! Brian Rogers to third Jason Gregor to second 1-0: Ground out 3-1 (Groundball, 34, EV 111.2 MPH) Brian Rogers scores Jason Gregor to third
|
Batting: RHB Teruhide Horiuchi
|
0-0: Foul Ball, location: 2F 0-1: Ball 1-1: Foul Ball, location: 2F 1-2: Ball 2-2: Ball Passed Ball! Jason Gregor scores 3-2: Foul Ball, location: 2F 3-2: Foul Ball, location: 2F 3-2: Base on Balls
|
Pitching: RHP Jose Herrera
|
|
Batting: RHB Bob Schweiger
|
0-0: Ball Passed Ball! Teruhide Horiuchi to second 1-0: Called Strike 1-1: Foul Ball, location: 2F 1-2: Strikes out swinging
|
Bottom of the 5th over - 4 runs, 1 hit, 0 errors, 1 left on base; Kingsport 8 - San Francisco (APP) 9 |
TOP OF THE 6TH |
Kingsport Mets batting - Pitching for San Francisco (APP) Giants : LHP Jimmy Heinecke
|
Batting: RHB Coltin Nellis
|
0-0: Called Strike 0-1: Foul Ball, location: 2F 0-2: Strikes out looking
|
Batting: SHB Nick Daigle
|
0-0: Ball 1-0: Called Strike 1-1: Foul Ball, location: 2F 1-2: Strikes out swinging
|
Pitching: RHP Sam Drews
|
|
Batting: LHB Matt Baker
|
0-0: Called Strike 0-1: Foul Ball, location: 2F 0-2: Ball 1-2: Ball 2-2: Ground out 4-3 (Groundball, 4, EV 80.6 MPH)
|
Top of the 6th over - 0 runs, 0 hits, 0 errors, 0 left on base; Kingsport 8 - San Francisco (APP) 9 |
BOTTOM OF THE 6TH |
San Francisco (APP) Giants batting - Pitching for Kingsport Mets : RHP Jose Herrera
|
Batting: RHB Frank Pena
|
0-0: Ball 1-0: Foul Ball, location: 2F 1-1: Called Strike 1-2: Ground out 6-3 (Groundball, 6, EV 85.6 MPH)
|
Batting: RHB Coen Dirks
|
0-0: Ball 1-0: Ball 2-0: Ball 3-0: Base on Balls
|
Batting: RHB Edwin Verdugo
|
0-0: Ball 1-0: Foul Ball, location: 2F 1-1: Foul Ball, location: 2F 1-2: Foul Ball, location: 2F 1-2: Ball Coen Dirks is caught stealing 2nd base 2-4 2-2: Ground out 6-3 (Groundball, 6, EV 86.9 MPH)
|
Bottom of the 6th over - 0 runs, 0 hits, 0 errors, 0 left on base; Kingsport 8 - San Francisco (APP) 9 |
TOP OF THE 7TH |
Kingsport Mets batting - Pitching for San Francisco (APP) Giants : RHP Sam Drews
|
Batting: RHB Chris Graham
|
0-0: Called Strike 0-1: Ball 1-1: Ball 2-1: Foul Ball, location: 2F 2-2: Foul Ball, location: 2F 2-2: Foul Ball, location: 2F 2-2: Ball 3-2: Strikes out looking
|
Batting: RHB Roberto Delgado
|
0-0: Ball 1-0: Ball 2-0: Called Strike 2-1: Called Strike 2-2: Ball 3-2: Base on Balls
|
Batting: RHB Danny Runberg
|
0-0: Ball 1-0: Ball 2-0: Foul Ball, location: 2F 2-1: Called Strike 2-2: Ball 3-2: Foul Ball, location: 2F 3-2: Base on Balls Roberto Delgado to second
|
Batting: SHB Tyler Maddux
|
0-0: Fielders Choice at 2nd, 4-6 (Groundball, 4, EV 88.1 MPH) Roberto Delgado to third
|
Batting: LHB Jeremy Moorehead
|
0-0: Called Strike 0-1: Foul Ball, location: 2F 0-2: Ball 1-2: Ball 2-2: Ground out U3 (Groundball, 3L, EV 104.4 MPH)
|
Top of the 7th over - 0 runs, 0 hits, 0 errors, 2 left on base; Kingsport 8 - San Francisco (APP) 9 |
BOTTOM OF THE 7TH |
San Francisco (APP) Giants batting - Pitching for Kingsport Mets : RHP Jose Herrera
|
Pitching: RHP Rob Fennell
|
|
Pinch Hitting: LHB Steve Nevis
|
0-0: Ball 1-0: Called Strike 1-1: DOUBLE (Line Drive, 9LM, EV 104.4 MPH)
|
Batting: RHB Brian Rogers
|
0-0: Foul Ball, location: 2F 0-1: Hit by Pitch
|
Batting: RHB Jason Gregor
|
0-0: Called Strike 0-1: Called Strike Steve Nevis steals 3rd base 0-2: Foul Ball, location: 2F 0-2: Strikes out swinging
|
Batting: RHB Matt Shepard
|
0-0: Ball Brian Rogers steals 2nd base 1-0: Called Strike 1-1: Foul Ball, location: 2F 1-2: Ball 2-2: Ball 3-2: Base on Balls
|
Batting: RHB Teruhide Horiuchi
|
0-0: Called Strike 0-1: Ball 1-1: Fly out, F9 (Line Drive, 89M, EV 98.8 MPH)
|
Batting: RHB Bob Schweiger
|
0-0: Ball 1-0: Foul Ball, location: 2F 1-1: Ball Wild Pitch! Steve Nevis scores Brian Rogers to third Matt Shepard to second 2-1: Called Strike 2-2: Foul Ball, location: 2F 2-2: Ball 3-2: Foul Ball, location: 2F 3-2: Strikes out swinging
|
Bottom of the 7th over - 1 run, 1 hit, 0 errors, 2 left on base; Kingsport 8 - San Francisco (APP) 10 |
TOP OF THE 8TH |
Kingsport Mets batting - Pitching for San Francisco (APP) Giants : RHP Sam Drews
|
Pitching: RHP Danny MacKinnon
|
|
Now in CF: Ryan Bentz
|
|
Now in RF: Teruhide Horiuchi
|
|
Batting: LHB Miguel Ramos
|
0-0: Called Strike 0-1: Ball 1-1: Swinging Strike 1-2: Ball 2-2: Strikes out swinging
|
Batting: RHB Coltin Nellis
|
0-0: Called Strike 0-1: Foul Ball, location: 2F 0-2: Strikes out swinging
|
Batting: SHB Nick Daigle
|
0-0: TRIPLE (Flyball, 89XD, EV 101.2 MPH)
|
Batting: LHB Matt Baker
|
0-0: Ground out 4-3 (Groundball, 34, EV 86.2 MPH)
|
Top of the 8th over - 0 runs, 1 hit, 0 errors, 1 left on base; Kingsport 8 - San Francisco (APP) 10 |
BOTTOM OF THE 8TH |
San Francisco (APP) Giants batting - Pitching for Kingsport Mets : RHP Rob Fennell
|
Pitching: RHP Pat Sprague
|
|
Batting: RHB Frank Pena
|
0-0: Ball 1-0: Called Strike 1-1: Ball 2-1: Ball 3-1: Foul Ball, location: 2F 3-2: Foul Ball, location: 2F 3-2: Foul Ball, location: 2F 3-2: Base on Balls
|
Batting: RHB Coen Dirks
|
0-0: Reached on error, E3 (Groundball, 23, EV 43.8 MPH) Frank Pena to third
|
Batting: RHB Edwin Verdugo
|
0-0: Intentional Walk
|
Batting: RHB Ryan Bentz
|
0-0: Ball Wild Pitch! Frank Pena scores Coen Dirks to third Edwin Verdugo to second 1-0: Foul Ball, location: 2F 1-1: Ground out 5-3 (Groundball, 56, EV 105.6 MPH) Coen Dirks scores
|
Batting: RHB Brian Rogers
|
0-0: Called Strike 0-1: Called Strike 0-2: Strikes out swinging
|
Batting: RHB Jason Gregor
|
0-0: Ball 1-0: Foul Ball, location: 2F 1-1: Ball 2-1: Ball 3-1: Foul Ball, location: 2F 3-2: Fly out, F4 (Popup, 4M, EV 72.5 MPH)
|
Bottom of the 8th over - 2 runs, 0 hits, 1 error, 1 left on base; Kingsport 8 - San Francisco (APP) 12 |
TOP OF THE 9TH |
Kingsport Mets batting - Pitching for San Francisco (APP) Giants : RHP Danny MacKinnon
|
Batting: RHB Chris Graham
|
0-0: Called Strike 0-1: Foul Ball, location: 2F 0-2: Strikes out swinging, 2-3 out at first.
|
Batting: RHB Roberto Delgado
|
0-0: DOUBLE (Line Drive, 7LD, EV 107.5 MPH)
|
Batting: RHB Danny Runberg
|
0-0: Ball 1-0: Ball 2-0: Foul Ball, location: 2F 2-1: Called Strike 2-2: Strikes out looking
|
Pitching: RHP Jonathan Simi
|
|
Batting: SHB Tyler Maddux
|
0-0: Ball 1-0: SINGLE (Groundball, 34D, EV 100.6 MPH) Roberto Delgado to third
|
Batting: LHB Jeremy Moorehead
|
0-0: Ball 1-0: Foul Ball, location: 2F 1-1: Fly out, F9 (Flyball, 89D, EV 101.2 MPH)
|
Top of the 9th over - 0 runs, 2 hits, 0 errors, 2 left on base; Kingsport 8 - San Francisco (APP) 12 |
|